 Dungeon Crawl Stone Soup version 0.19.5 (webtiles) character file.

179 miragecloak the Cudgeler (level 5, -3/46 HPs)
             Began as a Hill Orc Fighter on Apr 19, 2017.
             Slain by an orc priest (5 damage)
             ... on level 3 of the Dungeon.
             The game lasted 00:02:35 (2124 turns).

miragecloak the Cudgeler (Hill Orc Fighter)         Turns: 2124, Time: 00:02:35

Health: -3/46      AC:  6    Str: 19    XL:     5   Next: 59%
Magic:  5/5        EV:  7    Int:  8    God:
Gold:   129        SH:  9    Dex: 11    Spells: 0 memorised, 4 levels left

rFire  . . .     SeeInvis .     n - +0 mace (curse)
rCold  . . .     Gourm    .     b - +0 scale mail
rNeg   . . .     Faith    .     c - +0 shield
rPois  .         Spirit   .     (no helmet)
rElec  .         Reflect  .     (no cloak)
rCorr  .         Harm     .     (no gloves)
MR     .....                    (no boots)
Stlth  ..........               (no amulet)
                                (no ring)
                                (no ring)

@: no status effects
A: no striking features
a: Convert to Beogh


You were on level 3 of the Dungeon.
You were hungry.

You visited 1 branch of the dungeon, and saw 3 of its levels.

You collected 129 gold pieces.

Inventory:

Hand Weapons
 a - a +0 flail
 k - a +0 mace of holy wrath
 n - a cursed +0 mace (weapon)
Armour
 b - a +0 scale mail (worn)
 c - a +0 shield (worn)
Jewellery
 q - a cursed ring of teleportation {unknown}
Scrolls
 e - 2 scrolls of identify {unknown}
 h - 2 scrolls of teleportation {unknown}
 m - 2 scrolls of remove curse {unknown}
 o - a scroll of recharging {unknown}
Potions
 d - a potion of might
 g - 3 potions of curing {unknown}
 r - 2 potions of resistance {unknown}
 s - a potion of flight {unknown}
Comestibles
 f - 2 bread rations
 i - a beef jerky
 j - 2 meat rations
 l - 2 slices of pizza
 p - a chunk of flesh


   Skills:
 + Level 3.9 Fighting
 + Level 6.0 Maces & Flails
 - Level 3.2 Armour
 - Level 3.2 Shields


You had 4 spell levels left.
You didn't know any spells.

Dungeon Overview and Level Annotations

Branches:
Dungeon (3/15)

Altars:
Qazlal


Message History

* * * LOW HITPOINT WARNING * * *
You closely miss the orc priest. The orc priest hits you.
* * * LOW HITPOINT WARNING * * *
The orc hits you but does no damage.
You hit the orc priest but do no damage.
An orc wizard appears from thin air!
Reactivating autopickup.
The orc wizard casts a spell.
The orc wizard flickers and vanishes!
Deactivating autopickup; reactivate with Ctrl-A.
You block the orc priest's attack. You block the orc's attack.
You closely miss the orc priest.
The orc priest shouts, "Join the one true god or die!"
The orc priest hits you but does no damage.
The orc hits you but does no damage.
You hit the orc priest.
The orc priest is moderately wounded.
The orc priest threatens, "By the altar or by the axe, you will meet Beogh!"
The orc priest hits you.
You die...

#..÷...#
#......#
#......#
#......#
##.#..##
#.#..# #.#..#
#
#.#.†##o#..#.
#..()@o.g....
#.#.###o...#.
#.#.# #..#
#.#.# .#
#.#.# ....#
#.### #.


You could see an orc priest, 2 orcs and a hobgoblin.

Vanquished Creatures
  An orc wizard (D:3)
  4 gnolls (D:2)
  2 adders
  2 oozes
  2 worms (D:2)
  3 dart slugs
  5 leopard geckos
  2 orcs (D:3)
  2 giant cockroaches (D:1)
  6 goblins
  8 hobgoblins
  7 jackals
  2 quokkas (D:2)
  A ball python (D:2)
  3 bats
  2 frilled lizards (D:1)
  8 kobolds
  8 rats
68 creatures vanquished.

Notes
Turn   | Place    | Note
-------+----------+-------------------------------------------
     0 | D:1      | miragecloak the Hill Orc Fighter began the quest for the Orb.
     0 | D:1      | Reached XP level 1. HP: 19/19 MP: 1/1
    37 | D:1      | Reached XP level 2. HP: 26/26 MP: 2/2
    46 | D:1      | Reached skill level 3 in Maces & Flails
   337 | D:1      | Reached XP level 3. HP: 29/31 MP: 3/3
   424 | D:1      | Reached skill level 4 in Maces & Flails
  1093 | D:2      | Found a stormy altar of Qazlal.
  1115 | D:2      | Reached XP level 4. HP: 26/39 MP: 4/4
  1131 | D:2      | Reached skill level 5 in Maces & Flails
  1463 | D:2      | Reached XP level 5. HP: 20/45 MP: 5/5
  2108 | D:3      | Reached skill level 6 in Maces & Flails
  2121 | D:3      | HP: 2/46 [orc priest (2)]
  2124 | D:3      | Slain by an orc priest

Skill      XL: |  1  2  3  4  5 |
---------------+----------------+-----
Maces & Flails | 3 4 5 6 |  6.0
Fighting       | |  3.9
Armour         | |  3.2
Shields        | |  3.2

Action                   |  1- 3 |  4- 6 || total
-------------------------+-------+-------++-------
Melee: Flail             |    57 |       ||    57
       Mace              |   115 |   143 ||   258
  Eat: Chunk             |     1 |     3 ||     4
Armor: Scale mail        |    89 |    55 ||   144
Dodge: Dodged            |    60 |    43 ||   103
Block: Shield            |    93 |    88 ||   181
